 Dungeon Crawl Stone Soup version 0.28.0-45-g0d030f2227 (webtiles) character file.

Game seed: 12833458988421913670

68 seaoflcl the Grasshopper (level 4, 0/33 HPs)
             Began as a Human Warper on Apr 23, 2022.
             Succumbed to an adder's poison
             ... on level 2 of the Dungeon.
             The game lasted 00:03:06 (2776 turns).

seaoflcl the Grasshopper (Human Warper)             Turns: 2776, Time: 00:03:06

Health: 0/33       AC:  6    Str: 12 (14) XL:     4   Next: 41%
Magic:  7/7        EV:  9    Int: 12 (13) God:
Gold:   123        SH:  0    Dex:  9 (12) Spells: 7/7 levels left

rFire   . . .      SeeInvis .   a - +0 falchion
rCold   . . .      Faith    .   (no shield)
rNeg    . . .      Spirit   .   g - +0 scale mail
rPois   .          Reflect  .   (no helmet)
rElec   .          Harm     .   (no cloak)
rCorr   .          Rampage  .   (no gloves)
Will    .....                   (no boots)
Stlth   ..........              (no amulet)
HPRegen 0.11/turn               (no ring)
MPRegen 0.10/turn               (no ring)

@: lethally poisoned (0 -> -7)
A: no striking features
a: no special abilities


You were on level 2 of the Dungeon.
You visited 1 branch of the dungeon, and saw 2 of its levels.

You collected 123 gold pieces.

Inventory:

Hand Weapons
 a - a +0 falchion (weapon)
Missiles
 d - 5 boomerangs of dispersal (quivered)
Armour
 b - a +0 leather armour
 g - a +0 scale mail (worn)
Scrolls
 c - a scroll of blinking
 e - 3 scrolls of identify {unknown}
 h - a scroll of teleportation {unknown}
 k - a scroll of vulnerability {unknown}
Potions
 i - a potion of cancellation {unknown}
 j - a potion of magic {unknown}
 l - a potion of might {unknown}


   Skills:
 + Level 2.2 Fighting
 + Level 2.8 Long Blades
 + Level 1.0 Throwing
 + Level 2.2 Armour
 + Level 2.3 Dodging
 + Level 2.1 Spellcasting
 + Level 3.3 Translocations


You had 7 spell levels left.
You didn't know any spells.
Your spell library contained the following spells:

 Spells                   Type           Power      Damage    Failure   Level
 Blink                    Tloc           18%        N/A       47%         2
 Gell's Gravitas          Tloc           9%         N/A       71%         3
 Lesser Beckoning         Tloc           9%         N/A       71%         3
 Teleport Other           Tloc           9%         N/A       71%         3
 Manifold Assault         Tloc           9%         N/A       100%        5


Dungeon Overview and Level Annotations

Branches:
Dungeon (2/15)

Altars:


Message History

The adder is heavily wounded.
The adder bites you but does no damage.
You miss the adder.
The adder is heavily wounded.
The adder barely misses you. The adder bites you.
* * * LOW HITPOINT WARNING * * *
You are poisoned.
The adder poisons you!
You hit the adder.
The adder is severely wounded.
You feel sick. The adder barely misses you.
You closely miss the adder.
The adder is severely wounded.
You feel sick.
The adder bites you but does no damage. x2
You closely miss the adder.
The adder is severely wounded.
You feel sick.
You are no longer poisoned.
The adder bites you but does no damage.
You hit the adder.
You kill the adder!
The adder bites you but does no damage.
You hit the adder.
The adder is severely wounded.
The adder barely misses you. The adder bites you.
* * * LOW HITPOINT WARNING * * *
You barely miss the adder.
The adder is severely wounded.
The adder bites you but does no damage.
You closely miss the adder.
The adder is severely wounded.
The adder bites you.
* * * LOW HITPOINT WARNING * * *
You are lethally poisoned!
The adder poisons you! The adder bites you.
* * * LOW HITPOINT WARNING * * *
It was a potion of degeneration.
There was something very wrong with that liquid.
You feel weakened.
You feel dopey.
You feel clumsy.
You die...

....#.# #...# #'#
....#.###...# #.######
....#..##...#.##......###
##'#..........##.........
#.#.#..##.#####.#.......
##...##'##.# #.#.......
#..........# #g#.......
#....(.....# #S#.......
#..........# #@#.......
########...# #.#.......
##..# #.#....... #..# #.#
#######.# #.# #......>#
#.# #.####### #.# #.# #.#
#.# #.#


You could see an adder and a goblin.

Vanquished Creatures
  3 adders (D:2)
  A worm (D:2)
  3 ball pythons
  3 bats
  2 endoplasms
  5 goblins
  4 hobgoblins
  4 jackals (D:1)
  2 quokkas (D:2)
  3 frilled lizards
  2 kobolds
  3 rats (D:1)
35 creatures vanquished.

Notes
Turn   | Place    | Note
-------+----------+-------------------------------------------
     0 | D:1      | seaoflcl the Human Warper began the quest for the Orb.
     0 | D:1      | Reached XP level 1. HP: 16/16 MP: 3/3
   190 | D:1      | Reached XP level 2. HP: 10/22 MP: 5/5
   866 | D:1      | Reached XP level 3. HP: 21/27 MP: 6/6
   996 | D:1      | Found a faded altar of an unknown god.
  2256 | D:2      | Reached XP level 4. HP: 19/33 MP: 7/7
  2776 | D:2      | Succumbed to an adder's poison

Illustrated notes

Levels and vault maps discovered:
D:1:      psy_arrival_conway, layout_loops_ring, serial_forest,
          infiniplex_forest_end_2, infiniplex_forest_corner_2,
          infiniplex_forest_split, infiniplex_forest_lined_2,
          infiniplex_forest_fountain, infiniplex_forest_lined_corner,
          infiniplex_forest_clump_long, infiniplex_forest_lined_2,
          infiniplex_forest_straight_2, basic_ecumenical_altar
D:2:      minmay_door_path, layout_basic

Skill      XL: |  1  2  3  4 |
---------------+-------------+-----
Armour         | 2 |  2.2
Fighting       | |  2.2
Long Blades    | |  2.8
Throwing       | |  1.0
Dodging        | |  2.3
Spellcasting   | |  2.1
Translocations | |  3.3

Action                   |  1- 3 |  4- 6 || total
-------------------------+-------+-------++-------
Melee: Falchion          |   130 |    32 ||   162
       Punch             |     1 |       ||     1
  Use: Potion            |       |     1 ||     1
Armor: Leather armour    |     2 |       ||     2
       Scale mail        |    68 |    22 ||    90
Dodge: Dodged            |    64 |    24 ||    88
